AoeStats
← Groove8733

Arena

510460496Analyzed
1v1 RM · 15h ago on Oct 1, 2026· 39m 41s· 2 players
Game mode
Random Map
Map size
Tiny (2 player)
Population
200
Speed
Normal
Resources
Standard
Victory
Conquest
Starting age
Dark Age
Ending age
Imperial Age
RankedLock teamsTeams togetherTeam positionsShared explorationLock speedFull tech treeHidden civsTurbo modeCheats
Victory
Defeat
🇮🇹 Franks · Italy
548
+15
🇦🇺 Mongols · Australia
529
-21
Groove8733
4:55 Loom
8:58 Feudal Age
9:53 Double-Bit Axe
10:59 Wheelbarrow
19:56 Castle Age
19:22 Gold Mining
19:22 Stone Mining
19:27 Horse Collar
20:14 Fletching
22:07 Heavy Plow
23:33 Bow Saw
34:10 Imperial Age
34:16 Imperial Age
36:10 Nomads
mtognol8
0:39 Loom
11:14 Feudal Age
11:58 Double-Bit Axe
12:36 Gold Mining
15:36 Stone Mining
22:20 Castle Age
21:23 Forging
21:20 Scale Barding Armor
25:15 Town Watch
26:06 Wheelbarrow
33:01 Imperial Age
31:18 Elite Skirmisher
31:22 Pikeman
34:15 Conscription
34:25 Cavalier
35:11 Fletching
35:22 Padded Archer Armor
35:23 Scale Mail Armor
39:11 Elite Throwing Axeman
Connection lost

Rejoining the realm…

Still unreachable

The connection could not be restored.

Session expired

The server has moved on; the page needs a fresh start.